 Dungeon Crawl Stone Soup version 0.30-a0-808-g6e0788376e (webtiles) character file.

Game seed: 5761280613407247974

158 cforsyth the Sneak (level 5, -8/32 HPs)
             Began as a Kobold Brigand on Feb 27, 2023.
             Mangled by a worm (10 damage)
             ... on level 3 of the Dungeon.
             The game lasted 00:02:58 (2752 turns).

cforsyth the Sneak (Kobold Brigand)                 Turns: 2752, Time: 00:02:59

Health: -8/32      AC:  3    Str:  8    XL:     5   Next: 66%
Magic:  5/5        EV: 15    Int: 13    God:
Gold:   95         SH:  0    Dex: 18    Spells: 4/4 levels left

rFire   . . .      SeeInvis .    a - +2 dagger
rCold   . . .      Faith    .    (no shield)
rNeg    . . .      Spirit   .    b - +0 robe
rPois   .          Reflect  .    (no helmet)
rElec   .          Harm     .    c - +0 cloak
rCorr   .          Rampage  .    (no gloves)
Will    .....                    (no boots)
Stlth   ++++                     (no amulet)
HPRegen 0.25/turn                (no ring)
MPRegen 0.09/turn                (no ring)

@: slowed, very slow
A: small, no large weapons, nightstalker 3
a: no special abilities


You were on level 3 of the Dungeon.
You visited 1 branch of the dungeon, and saw 3 of its levels.

You collected 95 gold pieces.

Inventory:

Hand Weapons
 a - a +2 dagger (weapon)
Missiles
 d - 9 poisoned darts (quivered)
 e - 3 curare-tipped darts
Armour
 b - a +0 robe (worn)
 c - a +0 cloak (worn)
Jewellery
 o - a ring of poison resistance
Wands
 t - a wand of paralysis (3)
Scrolls
 j - a scroll of poison {unknown}
 l - a scroll of enchant weapon {unknown}
 m - a scroll of butterflies {unknown}
 n - 3 scrolls of identify {unknown}
 q - a scroll of teleportation {unknown}
Potions
 f - a potion of might {unknown}
 g - a potion of brilliance {unknown}
 h - a potion of ambrosia {unknown}
 i - 2 potions of lignification {unknown}
 k - 3 potions of heal wounds
 p - a potion of attraction {unknown}
 r - 3 potions of berserk rage {unknown}
 s - a potion of mutation {unknown}


   Skills:
 + Level 3.4 Fighting
 + Level 4.2 Short Blades
 - Level 2.1 Throwing
 + Level 3.1 Dodging
 + Level 6.4 Stealth


You had 4 spell levels left.
You didn't know any spells.
Your spell library was empty.

Dungeon Overview and Level Annotations

Branches:
Dungeon (3/15)

Altars:
Dithmenos

Shops:
D:1 *

Annotations:
D:2 1 runed translucent door, Crazy Yiuf
D:3 Sigmund


Innate Abilities, Weirdness & Mutations

You are small and have problems with some larger weapons.
You are completely attuned to the shadows.


Message History

You hit Natasha.
Natasha is moderately wounded.
Natasha closely misses you. The worm misses you.
You closely miss Natasha.
Natasha is moderately wounded.
Natasha barely misses you. Natasha claws you.
You hit Natasha.
Natasha is heavily wounded.
The worm closely misses you. Natasha casts a spell at you.
You feel as though you will be slow longer.
You hit Natasha.
Natasha is severely wounded.
Natasha stares at you and mumbles some strange words.
The magic dart hits you. The worm bites you!
You are too injured to fight recklessly!
You are too injured to fight recklessly!
You are too injured to fight recklessly!
You are too injured to fight recklessly!
You are too injured to fight recklessly!
You are too injured to fight recklessly!
You are too injured to fight recklessly!
You are too injured to fight recklessly!
You are too injured to fight recklessly!
You hit Natasha.
You kill Natasha!
Natasha yowls pathetically as she dies!
The worm bites you.
You see here the felid corpse of Natasha.
You hit the worm.
The worm is lightly wounded.
The worm misses you.
You hit the worm.
The worm is moderately wounded.
The worm bites you!
* * * LOW HITPOINT WARNING * * *
You hit the worm.
The worm is moderately wounded.
The worm bites you!
You die...

..................
.......###w.......
..................
...........@.....
#.........#.....####
#...............<##.
#.........##...#..#.
###...........#.##...
....@w.....##.#..###.
#...........#....#...
##[.........###....#.
###..........# ##...#.
#.###..[.........## #.....
#..#...........#..###..#.. ##
#..............##.##...#..
#..##.........###.............
###.........@..##.##......###...


You could see a worm.

Vanquished Creatures
  Jessica (D:3)
  Ijyb (D:3)
  Terence (D:2)
  Natasha (D:3)
  An adder (D:3)
  2 dart slugs
  4 ball pythons
  2 bats
  4 endoplasms
  2 giant cockroaches
  3 goblins
  4 hobgoblins
  3 jackals (D:2)
  5 kobolds
  2 quokkas (D:2)
  A frilled lizard (D:3)
  5 rats
42 creatures vanquished.

Notes
Turn   | Place    | Note
-------+----------+-------------------------------------------
     0 | D:1      | cforsyth the Kobold Brigand began the quest for the Orb.
     0 | D:1      | Reached XP level 1. HP: 12/12 MP: 1/1
   168 | D:1      | Reached XP level 2. HP: 14/18 MP: 2/2
   707 | D:1      | Found Irumiuh's Assorted Antiques.
   840 | D:2      | Noticed Terence
   843 | D:2      | Killed Terence
   844 | D:2      | Reached XP level 3. HP: 22/22 MP: 3/3
   936 | D:2      | Reached XP level 4. HP: 25/27 MP: 4/4
  1349 | D:2      | Found a runed translucent door.
  1352 | D:2      | Noticed Crazy Yiuf
  1712 | D:3      | Reached skill level 6 in Stealth
  1744 | D:3      | Noticed Jessica
  1748 | D:3      | Killed Jessica
  1816 | D:3      | Noticed Ijyb
  1826 | D:3      | Paralysed by Ijyb for 3 turns
  1837 | D:3      | Paralysed by Ijyb for 5 turns
  1852 | D:3      | Paralysed by Ijyb for 2 turns
  1860 | D:3      | Paralysed by Ijyb for 3 turns
  1866 | D:3      | Killed Ijyb
  1867 | D:3      | Reached XP level 5. HP: 15/32 MP: 5/5
  2056 | D:3      | Noticed Sigmund
  2520 | D:3      | Found a shadowy altar of Dithmenos.
  2735 | D:3      | Noticed Natasha
  2748 | D:3      | Killed Natasha
  2751 | D:3      | HP: 1/32 [worm (10)]
  2752 | D:3      | Mangled by a worm

Illustrated notes

Levels and vault maps discovered:
D:1:      lordsloth_arrival_two_stooges, layout_basic, serial_shops, shop
D:2:      layout_basic, uniq_terence, uniq_crazy_yiuf_cottage
D:3:      layout_rooms, nicolae_dithmenos_through_a_glass_darkly, uniq_ijyb,
          uniq_jessica, uniq_sigmund, uniq_natasha

Skill      XL: |  1  2  3  4  5 |
---------------+----------------+-----
Short Blades   | 3 4 |  4.2
Dodging        | 2 3 |  3.1
Fighting       | 3 |  3.4
Stealth        | 6 |  6.4
Throwing       | |  2.1

Action                     |  1- 3 |  4- 6 || total
---------------------------+-------+-------++-------
  Melee: Dagger            |    35 |   115 ||   150
    Use: Potion            |       |     1 ||     1
   Stab: Sleeping          |    12 |     9 ||    21
 Armour: Robe              |     2 |    16 ||    18
  Dodge: Dodged            |    19 |    71 ||    90

Table legend: (Time is in decaauts)
 A = Elapsed time spent in this place.
 B = Non-inter-level travel time spent in this place.
 C = Inter-level travel time spent in this place.
 D = Time resting spent in this place.
 E = Time spent auto-exploring this place.
 F = Levels seen in this place.
 G = Mean time per level.
                   A        B        C        D        E       F      G
               +--------+--------+--------+--------+--------+-----+--------+
         Total |   2730 |   2630 |    100 |    345 |   1880 |   3 |  910.0 |
       Dungeon |   2730 |   2630 |    100 |    345 |   1880 |   3 |  910.0 |
               +--------+--------+--------+--------+--------+-----+--------+

Top non-repeatable levels by time:
     D:2: 1420 daAuts
     D:1: 788 daAuts
     D:3: 521 daAuts
